 Dungeon Crawl Stone Soup version 0.26-a0-852-g6321bf7485 (webtiles) character file.

Game seed: 393914968957565661

35606 gishou the Swashbuckler (level 14, 0/79 HPs)
             Began as a Kobold Delver on Nov 21, 2020.
             Was an Elder of Hepliaklqana.
             Slain by a boulder beetle (19 damage)
             ... on level 4 of the Lair of Beasts.
             The game lasted 00:40:31 (19086 turns).

gishou the Swashbuckler (Kobold Delver)            Turns: 19086, Time: 00:40:32

Health: 0/79       AC: 16    Str: 14    XL:     14   Next: 19%
Magic:  20/20      EV: 22    Int: 12    God:    Hepliaklqana [****..]
Gold:   740        SH:  0    Dex: 16    Spells: 13/13 levels left

rFire    + . .     SeeInvis .   q - +0 rapier (elec)
rCold    . . .     Faith    .   (shield restricted)
rNeg     + . .     Spirit   .   S - +4 troll leather armour {Snorg}
rPois    .         Reflect  .   G - +0 helmet
rElec    .         Harm     .   o - scarf {shadows}
rCorr    .         Rampage  .   y - +1 pair of gloves
MR       +....                  Q - +2 pair of boots
Stlth    ++++++....             (no amulet)
HPRegen  0.63/turn              s - ring of protection from fire
MPRegen  0.17/turn              V - ring of positive energy

@: studying Shields
A: small, reduced essence, nightstalker 3
a: Recall Ancestor, Ancestor Identity, Transference, Idealise, Renounce Religion


You were on level 4 of the Lair of Beasts.
You worshipped Hepliaklqana.
Hepliaklqana was greatly pleased with you.
You visited 3 branches of the dungeon, and saw 17 of its levels.
You also visited: Ossuary.

You collected 1258 gold pieces.
You spent 518 gold pieces at shops.

Inventory:

Hand Weapons
 q - a +0 rapier of electrocution (weapon)
 v - a +0 vorpal quick blade
 C - a +2 dagger of venom
Missiles
 k - 12 atropa-tipped darts
 n - 33 poisoned darts (quivered)
Armour
 h - a +1 robe of cold resistance
 o - a scarf of shadows (worn)
 y - a +1 pair of gloves (worn)
 B - a scarf of invisibility
 G - a +0 helmet (worn)
 Q - a +2 pair of boots (worn)
 S - a +4 troll leather armour (worn) {Snorg}
Jewellery
 s - a ring of protection from fire (left hand)
 H - an uncursed ring of magical power
 I - an uncursed ring of fire
 V - a ring of positive energy (right hand)
Wands
 b - a wand of polymorph (26)
 g - a wand of digging (3)
 K - a wand of flame (24)
 N - a wand of random effects (23)
 O - a wand of acid (9)
 U - a wand of paralysis (15)
 Z - a wand of enslavement (11)
Scrolls
 c - a scroll of torment
 d - 2 scrolls of magic mapping
 e - 6 scrolls of fear
 i - 2 scrolls of blinking
 p - 10 scrolls of teleportation
 w - 10 scrolls of remove curse
 E - 4 scrolls of immolation
 R - a scroll of summoning
 T - 4 scrolls of identify
 W - a scroll of silence
 X - 3 scrolls of enchant armour
 Y - a scroll of vulnerability
Potions
 f - 3 potions of haste
 j - a potion of ambrosia
 l - 7 potions of heal wounds
 m - 4 potions of mutation
 r - 8 potions of resistance
 t - 3 potions of cancellation
 u - 2 potions of magic
 x - a potion of berserk rage
 z - 2 potions of lignification
 D - 8 potions of curing
 F - 6 potions of attraction
 J - a potion of brilliance
 L - 6 potions of might
 M - 3 potions of flight
 P - a potion of invisibility
Books
 a - a manual of Shields
Miscellaneous
 A - a condenser vane (inert)


   Skills:
 * Level 10.4 Fighting
 + Level 15.3 Short Blades
 - Level 6.0 Throwing
 + Level 6.8 Armour
 + Level 10.8 Dodging
 * Level 13.8 Stealth
 * Level 9.1 Invocations


You had 13 spell levels left.
You didn't know any spells.
Your spell library contained the following spells:

 Spells                   Type           Power        Failure   Level
 Beastly Appendage        Tmut           #.....       36%         1
 Corona                   Hex            #......      36%         1
 Freeze                   Ice            #...         36%         1
 Shock                    Conj/Air       #...         36%         1
 Sting                    Tmut/Pois      #...         36%         1
 Poisonous Vapours        Pois/Air       #.....       52%         2
 Slow                     Hex            #.......     52%         2
 Swiftness                Air            #.......     52%         2
 Wereblood                Tmut           #.......     52%         2
 Confusing Touch          Hex            #.......     75%         3
 Frozen Ramparts          Ice            #.....       75%         3
 Gell's Gravitas          Tloc           #.........   75%         3
 Ignite Poison            Fire/Tmut/Pois #.......     75%         3
 Inner Flame              Hex/Fire       #.......     75%         3
 Mephitic Cloud           Conj/Pois/Air  #.......     75%         3
 Ozocubu's Armour         Ice            #.......     75%         3
 Portal Projectile        Hex/Tloc       #.....       75%         3
 Spider Form              Tmut/Pois      #.........   75%         3
 Static Discharge         Conj/Air       #.......     75%         3
 Airstrike                Air            #.........   98%         4
 Cause Fear               Hex            #.........   98%         4
 Hailstorm                Conj/Ice       #.......     98%         4
 Ice Form                 Ice/Tmut       #.......     98%         4
 Leda's Liquefaction      Hex/Erth       #.........   98%         4
 Olgreb's Toxic Radiance  Pois           #.......     98%         4
 Petrify                  Tmut/Erth      #.......     98%         4
 Summon Ice Beast         Ice/Summ       #.......     98%         4
 Blade Hands              Tmut           #.........   100%        5
 Lightning Bolt           Conj/Air       #.........   100%        5
 Metabolic Englaciation   Hex/Ice        #.........   100%        5
 Yara's Violent Unravell  Hex/Tmut       #.........   100%        5


Dungeon Overview and Level Annotations

Branches:
Dungeon (12/15)            Temple (1/1) D:4            Lair (4/6) D:8
  Swamp (0/4) Lair:2       Spider (0/4) Lair:2          Orc (0/2) D:11
Ossuary (visited)

Altars:
Ashenzari
Cheibriados
Fedhas
Gozag
Hepliaklqana
Nemelex Xobeh
Okawaru
Qazlal
Ru
Sif Muna
Trog
Uskayaw
Wu Jian
Xom
Zin
The Shining One
Beogh

Shops:
D:11 [(}?[

Portals:
Trove: D:10 (give +2 gold dragon scales)

Annotations:
D:12 3 runed translucent doors, belegose's ghost, journeyman FeDe
Lair:1 exclusion: 2 oklob plants
Lair:4 1 transporter


Innate Abilities, Weirdness & Mutations

You are small and have problems with some larger weapons.
You are completely attuned to the shadows.
Your life essence is reduced to manifest your ancestor. (-10% HP)


Message History

Press: ? - help, Shift-Dir - straight line, f - boulder beetle
Aim: a boulder beetle (flame)
You throw a poisoned dart.
The poisoned dart hits the boulder beetle.
The boulder beetle is engulfed in blazing flames.
Throwing (i - inventory. (/) - cycle)
n - 34 poisoned darts (quivered)
Press: ? - help, Shift-Dir - straight line, f/p - boulder beetle
Aim: a boulder beetle (lightly wounded)
You throw a poisoned dart.
The poisoned dart hits the boulder beetle.
The boulder beetle is poisoned.
The boulder beetle is lightly wounded.
The boulder beetle hits you!!
* * * LOW HITPOINT WARNING * * *
The boulder beetle stops rolling and uncurls.
You hit the boulder beetle but do no damage.
Lightning courses through the boulder beetle!
The boulder beetle is moderately wounded.
The boulder beetle bites you!!
You die...

##...## ##...# ###
....### ....## #....#
#§# #....# ..###
##...###≈### ....##
##.# ##P...#8#§#8#
....## ###
##....###.○.## .....#
#....###.#°#.# #....#
########...## #.#B#.#
#....# ..........#.
#.#B#.# ##....#
...........# #.@©.!#
#.....# .......P#...
####### #....##
...##...#.#..##.hh.!#
###....# ###R######.
..#..©..# ......##
### .........
##....## ^...#.#.#
##....## ......#
##....##
......####.....#
.#.#....#....###


You could see 2 boulder beetles and 2 wolves.

Vanquished Creatures
  Snorg (D:11)
  3 hydras (Lair:3)
  The ghost of Foxy the Fighter, a journeyman FoFi of Qazlal (D:11)
  2 boulder beetles
  A two-headed ogre (D:8)
  Urug (D:10)
  2 ugly things
  2 manticores (D:11)
  A cyclops (D:11)
  Maurice (D:11)
  2 black mambas
  A gargoyle (D:11)
  Psyche (D:11)
  A torpor snail (Lair:4)
  8 cane toads
  7 komodo dragons
  A polar bear (Lair:2)
  3 trolls
  A tyrant leech (Lair:2)
  3 jumping spiders (Lair:2)
  A hornet (D:12)
  5 blink frogs (Lair:2)
  3 slime creatures
  6 redbacks (Lair:2)
  A shadow (D:11)
  A wyvern (Lair:3)
  3 basilisks
  29 yaks
  A vampire mosquito (D:11)
  Menkaure (D:6)
  5 water moccasins
  9 orc warriors
  A black bear (D:10)
  8 ice beasts
  2 sky beasts
  4 necrophages (D:10)
  2 phantoms
  2 centaurs (D:6)
  9 ogres
  11 wolves
  16 bullfrogs
  A water moccasin zombie (Ossuary)
  3 scorpions
  7 killer bees
  13 wights
  2 electric eels
  9 howler monkeys
  2 lava snakes (D:8)
  4 bullfrog zombies
  2 quasits
  3 bullfrog skeletons
  8 hounds
  5 jellies
  14 orc wizards
  A centaur skeleton (D:8)
  3 orc priests
  7 iguanas
  12 worker ants
  A killer bee zombie (D:9)
  2 big kobold zombies (Ossuary)
  A hound zombie (D:8)
  A hound skeleton (D:5)
  2 mummies (Ossuary)
  A worker ant zombie (D:6)
  A howler monkey skeleton (D:9)
  4 gnolls (D:3)
  15 adders
  A shadow imp (D:3)
  6 white imps
  A worker ant simulacrum (D:11)
  2 ufetubi
  2 adder skeletons
  5 adder zombies (Ossuary)
  2 worms (D:3)
  2 dart slugs
  5 leopard geckos
  39 orcs
  A ball python (D:2)
  2 bats
  6 giant cockroaches
  3 goblins
  4 hobgoblins
  9 jackals
  9 quokkas
  3 frilled lizards
  A giant cockroach zombie (D:5)
  4 gnoll zombies (Ossuary)
  6 hobgoblin zombies (Ossuary)
  A jackal zombie (D:7)
  6 kobolds
  4 kobold zombies (Ossuary)
  A leopard gecko zombie (D:5)
  2 orc zombies (Ossuary)
  A quokka skeleton (D:6)
  6 rats
421 creatures vanquished.

Vanquished Creatures (collateral kills)
  A cane toad (Lair:4)
  A komodo dragon (Lair:1)
  A polar bear (Lair:3)
  A jumping spider (Lair:2)
  A slime creature (D:8)
  3 yaks
  An orc warrior (D:12)
  A sky beast (D:7)
  An ogre (D:8)
  4 wolves
  A big kobold (D:7)
  5 bullfrogs
  A water moccasin zombie (Ossuary)
  A scorpion (D:12)
  A wight (D:7)
  An electric eel (Lair:4)
  A gnoll shaman (D:8)
  An orc priest (D:12)
  4 hounds
  An orc wizard (D:11)
  A worker ant (D:6)
  An adder (D:12)
  An adder skeleton (D:6)
  3 orcs
  A giant cockroach (D:8)
  2 gnoll zombies (Ossuary)
  An orc zombie (Ossuary)
42 creatures vanquished.

Vanquished Creatures (others)
  15 hexers
  An ancestor (D:6)
  10 fungi
  11 plants
37 creatures vanquished.

Grand Total: 500 creatures vanquished

Notes
Turn   | Place    | Note
-------+----------+-------------------------------------------
     0 | D:5      | gishou the Kobold Delver began the quest for the Orb.
     0 | D:5      | Reached XP level 1. HP: 14/14 MP: 1/1
    15 | D:5      | Noticed a worker ant
    19 | D:5      | Killed a worker ant
    20 | D:5      | Reached skill level 3 in Short Blades
    20 | D:5      | Reached XP level 2. HP: 19/19 MP: 2/2
    20 | D:5      | Reached XP level 3. HP: 23/23 MP: 3/3
    75 | D:6      | Noticed a centaur
    77 | D:6      | Killed a centaur
    78 | D:6      | Reached skill level 4 in Short Blades
    78 | D:6      | Reached XP level 4. HP: 29/29 MP: 4/4
    78 | D:6      | Reached XP level 5. HP: 33/33 MP: 5/5
   185 | D:5      | Found a blossoming altar of Fedhas.
   255 | D:4      | Noticed an ogre
   259 | D:4      | Killed an ogre
   260 | D:4      | Reached skill level 5 in Short Blades
   260 | D:4      | Reached XP level 6. HP: 38/38 MP: 6/6
   370 | D:4      | Found a sacrificial altar of Ru.
   493 | D:3      | Reached skill level 6 in Short Blades
  1183 | D:1      | Reached XP level 7. HP: 44/44 MP: 7/7
  2215 | D:2      | Reached skill level 1 in Throwing
  3420 | D:4      | Reached skill level 5 in Fighting
  3558 | D:4      | Reached skill level 7 in Short Blades
  3558 | D:4      | Reached skill level 1 in Armour
  3558 | D:4      | Reached XP level 8. HP: 11/49 MP: 8/8
  4306 | D:4      | Found a staircase to the Ecumenical Temple.
  4312 | Temple   | Entered the Ecumenical Temple
  4363 | Temple   | Became a worshipper of Hepliaklqana the Forgotten
  4465 | D:4      | Found a glowing golden altar of the Shining One.
  4724 | D:5      | Found a blossoming altar of Fedhas.
  4778 | D:5      | Found a shimmering blue altar of Sif Muna.
  4779 | D:5      | Found a sparkling altar of Nemelex Xobeh.
  4781 | D:5      | Found a sacrificial altar of Ru.
  4785 | D:5      | Found an iron altar of Okawaru.
  4818 | D:5      | Found a broken altar of Ashenzari.
  4820 | D:5      | Found a hide-covered altar of Uskayaw.
  5582 | D:6      | Reached skill level 5 in Dodging
  5582 | D:6      | Reached skill level 1 in Invocations
  6371 | D:6      | Reached * piety under Hepliaklqana
  6641 | D:6      | Reached skill level 8 in Short Blades
  6693 | D:6      | Reached XP level 9. HP: 43/48 MP: 10/10
  6986 | D:6      | Noticed Menkaure
  6989 | D:6      | Killed Menkaure
  7403 | D:7      | Reached skill level 9 in Short Blades
  7556 | D:7      | Found a sand-covered staircase.
  7561 | Ossuary  | Entered an ossuary
  8099 | D:7      | Reached XP level 10. HP: 35/54 MP: 12/12
  8509 | D:7      | Found a hazy altar of Hepliaklqana.
  8869 | D:7      | Reached skill level 10 in Short Blades
  9205 | D:8      | Reached ** piety under Hepliaklqana
  9206 | D:8      | Remembered your ancestor z as a hexer
  9284 | D:8      | Reached skill level 10 in Stealth
  9550 | D:8      | Noticed a two-headed ogre
  9556 | D:8      | Reached skill level 5 in Throwing
  9560 | D:8      | Killed a two-headed ogre
  9645 | D:8      | Reached skill level 11 in Short Blades
  9788 | D:8      | Found a staircase to the Lair.
  9958 | D:8      | Reached XP level 11. HP: 60/60 MP: 14/14
  9979 | D:8      | Reached skill level 5 in Invocations
 10195 | D:8      | Found a bloodstained altar of Trog.
 10195 | D:8      | Found a stormy altar of Qazlal.
 11511 | D:10     | Entered Level 10 of the Dungeon
 11588 | D:10     | Reached skill level 12 in Short Blades
 11866 | D:10     | Reached *** piety under Hepliaklqana
 12194 | D:10     | Found a portal to a secret trove of treasure.
 12312 | D:11     | Found a runed translucent gate.
 12313 | D:11     | Found a runed translucent gate.
 12314 | D:11     | Found a runed translucent gate.
 12337 | D:11     | Found a staircase to the Orcish Mines.
 12343 | D:11     | Noticed Maurice
 12422 | D:11     | Noticed Urug
 12572 | D:10     | Killed Urug
 12707 | D:11     | Killed Maurice
 12755 | D:11     | Found a bloodstained altar of Trog.
 12805 | D:11     | Found Ekogaupn's Gadget Shop.
 12954 | D:11     | Noticed a manticore
 12961 | D:11     | Killed a manticore
 12979 | D:11     | Noticed Psyche
 12982 | D:11     | Killed Psyche
 12983 | D:11     | Reached XP level 12. HP: 65/65 MP: 16/16
 13011 | D:11     | Found Oxkuolum's Antique Armour Boutique.
 13012 | D:11     | Got an ichor-stained leather armour
 13023 | D:11     | Identified the +1 leather armour of the Present {Str+2}
                  | (You found it on level 11 of the Dungeon)
 13037 | D:11     | Bought a pair of runed boots for 187 gold pieces
 13126 | D:11     | Found Comosch's Antique Weapon Boutique.
 13191 | D:11     | Noticed Snorg
 13205 | D:11     | Killed Snorg
 13206 | D:11     | Reached skill level 5 in Armour
 13320 | D:11     | Found Olekiosi's Antique Armour Shoppe.
 13362 | D:11     | Found Quitucw's Magic Scroll Shop.
 13366 | D:11     | Bought a scroll of teleportation for 39 gold pieces
 13366 | D:11     | Bought a scroll of enchant armour for 97 gold pieces
 13366 | D:11     | Bought a scroll of teleportation for 39 gold pieces
 13366 | D:11     | Bought a scroll of identify for 26 gold pieces
 13366 | D:11     | Bought a scroll of identify for 26 gold pieces
 13366 | D:11     | Bought a scroll of identify for 26 gold pieces
 13366 | D:11     | Bought a scroll of identify for 26 gold pieces
 13366 | D:11     | Bought a scroll of identify for 26 gold pieces
 13366 | D:11     | Bought a scroll of identify for 26 gold pieces
 13462 | D:11     | Reached skill level 13 in Short Blades
 13612 | D:11     | Noticed Foxy's ghost (journeyman FoFi)
 13615 | D:11     | Killed Foxy's ghost
 13987 | D:12     | Found a shimmering altar of Xom.
 14103 | D:12     | Found a runed translucent gate.
 14104 | D:12     | Found a runed translucent gate.
 14105 | D:12     | Found a runed translucent gate.
 14105 | D:12     | Noticed belegose's ghost (journeyman FeDe)
 14352 | D:12     | Found a roughly hewn altar of Beogh.
 14969 | Lair:1   | Entered Level 1 of the Lair of Beasts
 15355 | Lair:1   | Reached XP level 13. HP: 72/72 MP: 18/18
 15374 | Lair:1   | Reached skill level 14 in Short Blades
 15729 | Lair:1   | Reached **** piety under Hepliaklqana
 15967 | Lair:1   | Reached skill level 10 in Dodging
 16247 | Lair:2   | Found a hole to the Spider Nest.
 16656 | Lair:2   | Found a staircase to the Swamp.
 17435 | Lair:3   | Reached skill level 15 in Short Blades
 17493 | Lair:3   | Noticed a boulder beetle
 17520 | Lair:3   | Killed a boulder beetle
 17611 | Lair:3   | Noticed a four-headed hydra
 17614 | Lair:3   | Killed a four-headed hydra
 17615 | Lair:3   | Reached skill level 10 in Fighting
 17806 | Lair:3   | Noticed a four-headed hydra
 17813 | Lair:3   | Killed a four-headed hydra
 18379 | Lair:4   | Noticed a six-headed hydra
 18514 | Lair:3   | Killed a six-headed hydra
 18515 | Lair:3   | Reached XP level 14. HP: 28/79 MP: 20/20
 19047 | Lair:4   | Found a transporter.
 19049 | Lair:4   | Found a transporter.
 19086 | Lair:4   | Slain by a boulder beetle

Illustrated notes

Levels and vault maps discovered:
D:1:      dpeg_arrival_circle_labyrinth_a, layout_loops_ring
D:2:      layout_loops_ring, kennysheep_generic_room_7
D:3:      layout_rooms
D:4:      layout_loops_corners, nicolae_tso_carved_into_rock,
          lemuel_temple_firewalk_a, nicolae_ru_awakened_eye
D:5:      layout_basic, grunt_temple_overflow_open, overflow_temple_1_default,
          minmay_holes, st_stairs_11, fedhas_altar_2
D:6:      layout_basic, minivault_4, uniq_menkaure
D:7:      layout_basic, basic_altar, nicolae_ossuary_entry_ruins, minmay_puff
D:8:      layout_basic, chequers_temple_overflow_statue_of_worship,
          erik_lair_island, kennysheep_generic_room_2
D:9:      layout_loops_ring, minmay_increasing_density
D:10:     layout_roguey, serial_undead, serial_undead_a, serial_undead_e,
          serial_undead_f, serial_undead_a, serial_undead_a, enter_trove_3
D:11:     minmay_blocky_corners, layout_loops_ring, david_orc_3, serial_shops,
          shop, shop, shop, shop, shop, gammafunk_ghost_icy, basic_altar,
          eino_curves_01, uniq_urug, uniq_psyche, uniq_snorg, uniq_maurice
D:12:     layout_small_grid, gammafunk_ghost_nasty_kobolds, basic_altar,
          special_room [special_room_orc]
Temple:   minmay_temple_bridge_abc
Lair:1:   layout_loops_ring, beast_lair_carwin_10, minmay_lair_oklob_chamber,
          grunt_megastairs_4, lemuel_fruit_tree
Lair:2:   layout_regular_city, minmay_swamp_entry_worms,
          nicolae_spider_entry_tight_spaces, serial_bayou_shore_a
Lair:3:   layout_concentric_octagons, grunt_megastairs_5
Lair:4:   gammafunk_boulding_lane, layout_concentric_octagons, st_stairs_8,
          chequers_serial_rivers_large_a, dpeg_stationary_puzzle

Skill      XL: |  1  2  3  4  5  6  7  8  9 10 11 12 13 14 |
---------------+-------------------------------------------+-----
Short Blades   | 3 4 5 6 7 8 9 11 12 13 15 | 15.3
Dodging        | 3 4 5 6 7 8 9 10 | 10.8
Stealth        | 7 8 9 10 11 12 13 | 13.8
Fighting       | 4 5 6 7 8 9 10 | 10.4
Throwing       | 1 3 4 5 6 |  6.0
Armour         | 1 2 3 4 5 6 |  6.8
Invocations    | 2 3 4 6 7 8 9 |  9.1

Action                   |  1- 3 |  4- 6 |  7- 9 | 10-12 | 13-15 || total
-------------------------+-------+-------+-------+-------+-------++-------
Melee: Short sword       |     2 |    45 |   295 |    56 |       ||   398
       Dagger            |       |       |   117 |       |     3 ||   120
       Rapier            |       |       |       |   599 |   393 ||   992
       Quick blade       |       |       |       |    19 |       ||    19
Throw: Dart              |       |     6 |     2 |    16 |    12 ||    36
Invok: Recall Ancestor   |       |       |     2 |     3 |       ||     5
       Ancestor Identity |       |       |     2 |       |       ||     2
       Ancestor Life: He |       |       |       |     1 |       ||     1
       Transference      |       |       |       |     1 |     2 ||     3
       Idealise          |       |       |       |       |     2 ||     2
Evoke: Condenser vane    |       |       |       |     1 |     1 ||     2
       Wand              |       |       |       |     1 |       ||     1
  Use: Scroll            |       |       |    10 |    26 |     4 ||    40
       Potion            |       |       |       |     1 |     1 ||     2
 Stab: Sleeping          |     2 |    17 |    49 |    60 |    23 ||   151
       Invisible         |       |     2 |     1 |     5 |     1 ||     9
       Confused          |       |       |       |     5 |     7 ||    12
       Distracted        |       |       |       |     5 |     4 ||     9
Armor: Leather armour    |       |     2 |       |       |       ||     2
       Ring mail         |       |       |    56 |    26 |       ||    82
       Troll leather arm |       |       |       |    45 |    85 ||   130
Dodge: Dodged            |       |    15 |   183 |   367 |   326 ||   891

Table legend: (Time is in decaauts)
 A = Elapsed time spent in this place.
 B = Non-inter-level travel time spent in this place.
 C = Inter-level travel time spent in this place.
 D = Time resting spent in this place.
 E = Time spent auto-exploring this place.
 F = Levels seen in this place.
 G = Mean time per level.
                   A        B        C        D        E       F      G
               +--------+--------+--------+--------+--------+-----+--------+
         Total |  18509 |  17744 |    765 |   2779 |  12173 |  18 | 1028.3 |
       Dungeon |  14139 |  13437 |    702 |   2145 |   9157 |  12 | 1178.2 |
        Temple |     84 |     52 |     32 |      0 |     47 |   1 |   84.0 |
          Lair |   3917 |   3886 |     31 |    505 |   2832 |   4 |  979.2 |
       Ossuary |    367 |    367 |      0 |    129 |    136 |   1 |  367.0 |
               +--------+--------+--------+--------+--------+-----+--------+

Top non-repeatable levels by time:
     D:5: 1737 daAuts
     D:4: 1485 daAuts
     D:7: 1420 daAuts
     D:2: 1296 daAuts
  Lair:2: 1220 daAuts
     D:8: 1212 daAuts
     D:6: 1177 daAuts
  Lair:3: 1164 daAuts
    D:11: 1127 daAuts
    D:12: 1078 daAuts
  Lair:1: 1077 daAuts
    D:10: 1072 daAuts
     D:9: 1046 daAuts
     D:1: 841 daAuts
     D:3: 644 daAuts
